AoeStats
← Julian

Black Forest

507505587Analyzed
4v4 RM · 15d ago on Sep 18, 2026· 42m 37s· 8 players
Game mode
Random Map
Map size
Large (8 player)
Population
200
Speed
Normal
Resources
Standard
Victory
Conquest
Starting age
Dark Age
Ending age
Imperial Age
RankedLock teamsTeams togetherTeam positionsShared explorationLock speedFull tech treeHidden civsTurbo modeCheats
Victory
Defeat
🇦🇹 Cumans · Austria
1224
+15
🇩🇪 Ethiopians · Germany
1201
+15
🇨🇳 Teutons · China
1190
+16
🇵🇪 Malians · Peru
1185
+16
🇦🇺 Tatars · Australia
1252
-18
🇮🇳 Mongols · India
1222
-17
1144
-14
🇧🇷 Khmer · Brazil
1138
-13
Wallep
7:02 Loom
12:01 Feudal Age
13:06 Double-Bit Axe
16:07 Castle Age
14:09 Horse Collar
17:02 Bow Saw
16:54 Heavy Plow
23:02 Gold Mining
25:52 Wheelbarrow
29:50 Hand Cart
32:06 Imperial Age
31:17 Forging
31:08 Scale Mail Armor
32:07 Ballistics
33:26 Iron Casting
33:07 Chain Mail Armor
34:23 Chemistry
32:47 Halberdier
34:37 Two-Man Saw
34:13 Gold Shaft Mining
33:35 Heavy Scorpion
36:38 Torsion Engines
38:25 Blast Furnace
40:26 Plate Mail Armor
39:47 Fletching
Execute290
6:18 Loom
9:39 Feudal Age
10:15 Man-at-Arms
11:16 Arson
11:19 Double-Bit Axe
21:46 Castle Age
21:02 Scale Mail Armor
21:12 Forging
21:57 Horse Collar
21:57 Pikeman
22:38 Squires
25:08 Long Swordsman
27:17 Bow Saw
32:44 Chain Mail Armor
33:04 Iron Casting
34:05 Gold Mining
34:51 Wheelbarrow
44:00 Imperial Age
Dingodan
0:51 Loom
12:50 Feudal Age
13:53 Double-Bit Axe
14:06 Horse Collar
14:44 Man-at-Arms
18:45 Wheelbarrow
19:09 Horse Collar
19:38 Town Watch
22:59 Scale Mail Armor
28:03 Castle Age
26:51 Fletching
28:13 Scale Barding Armor
29:04 Bloodlines
29:07 Bodkin Arrow
32:31 Chain Barding Armor
32:20 Gold Mining
32:22 Stone Mining
33:19 Forging
34:36 Bow Saw
39:38 Imperial Age
38:34 Gold Shaft Mining
39:05 Hand Cart
40:46 Conscription
40:46 Cavalier
41:52 Cavalier
43:09 Plate Barding Armor
午夜屠猪男
2:16 Loom
4:35 Loom
10:10 Feudal Age
15:48 Castle Age
14:01 Double-Bit Axe
15:10 Horse Collar
17:38 Bow Saw
28:55 Imperial Age
26:31 Gold Mining
27:04 Stone Mining
27:18 Heavy Plow
27:36 Bloodlines
27:34 Scale Barding Armor
27:39 Forging
29:42 Cavalier
31:54 Wheelbarrow
32:06 Town Watch
32:45 Chain Barding Armor
33:01 Iron Casting
34:53 Conscription
35:27 Hand Cart
35:12 Town Patrol
34:58 Paladin
36:31 Plate Barding Armor
36:56 Blast Furnace
Makarov99
2:30 Loom
11:36 Feudal Age
16:06 Castle Age
14:30 Double-Bit Axe
14:26 Horse Collar
15:46 Gold Mining
17:48 Gold Shaft Mining
17:50 Scale Barding Armor
18:46 Husbandry
21:58 Wheelbarrow
24:56 Hand Cart
27:46 Heavy Plow
28:29 Bow Saw
32:04 Imperial Age
29:50 Town Watch
30:09 Padded Archer Armor
29:59 Fletching
30:17 Stone Mining
31:36 Leather Archer Armor
31:16 Bodkin Arrow
33:07 Stone Shaft Mining
32:48 Bloodlines
31:59 Light Cavalry
33:42 Ballistics
33:17 Pikeman
34:02 Halberdier
35:03 Town Patrol
35:43 Ring Archer Armor
35:13 Bracer
35:43 Cavalier
Julian
1:22 Loom
15:01 Feudal Age
17:07 Double-Bit Axe
19:40 Castle Age
17:55 Horse Collar
18:24 Fletching
19:04 Padded Archer Armor
20:46 Bodkin Arrow
26:31 Wheelbarrow
27:47 Heavy Plow
28:00 Bow Saw
29:56 Hand Cart
37:13 Imperial Age
35:47 Gold Mining
35:52 Stone Mining
37:52 Treadmill Crane
manny
3:31 Loom
11:50 Feudal Age
16:03 Castle Age
25:26 Double-Bit Axe
26:04 Horse Collar
27:28 Bow Saw
31:59 Fletching
Pol Pot·波尔布特
11:35 Feudal Age
15:21 Castle Age
13:19 Double-Bit Axe
13:34 Horse Collar
16:52 Bow Saw
16:51 Heavy Plow
20:01 Wheelbarrow
25:56 Gold Mining
25:57 Stone Mining
27:46 Gold Shaft Mining
27:47 Stone Shaft Mining
30:44 Imperial Age
28:37 Hand Cart
28:12 Town Watch
28:13 Loom
28:46 Padded Archer Armor
28:37 Treadmill Crane
29:04 Siege Engineers
30:11 Masonry
30:19 Leather Archer Armor
30:18 Forging
31:08 Ballistics
30:48 Fletching
32:37 Chemistry
32:08 Architecture
32:12 Ring Archer Armor
33:04 Conscription
32:57 Thunderclap Bombs
32:50 Fortified Bastions
33:30 Iron Casting
32:43 Pikeman
33:25 Squires
33:18 Halberdier
36:22 Blast Furnace
35:25 Scale Mail Armor
36:09 Guard Tower
36:04 Arrowslits
Connection lost

Rejoining the realm…

Still unreachable

The connection could not be restored.

Session expired

The server has moved on; the page needs a fresh start.